 Dungeon Crawl Stone Soup version 0.31-a0-1308-ga3cce3a (webtiles) character file.

Game seed: 10270111759176099851

32 gameson the Gusty (level 3, 0/3 HPs)
             Began as a Draconian Air Elementalist on Dec 19, 2023.
             Slain by a sky beast (1 damage)
             ... on level 3 of the Dungeon.
             The game lasted 00:06:38 (1338 turns).

gameson the Gusty (Draconian Air Elementalist)      Turns: 1338, Time: 00:06:38

Health: 0/3        AC:  7    Str: 12    XL:     3   Next: 10%
Magic:  6/6        EV: 12    Int: 15    God:
Gold:   23         SH:  0    Dex: 11    Spells: 5/6 levels left

rFire   . . .        j - +2 rapier (venom)
rCold   . . .        (no shield)
rNeg    + . .        (body armour unavailable)
rPois   ∞            (helmet restricted)
rElec   +            (no cloak)
rCorr   .            (gloves currently unavailable)
SInv    .            (boots currently unavailable)
Will    .....        i - amulet of magic regeneration
Stlth   ++           (no ring)
HPRegen 0.20/turn    (no ring)
MPRegen 0.50/turn

%: no passive effects
@: statue-form, very slow
A: slow and powerful, torment resistance 1, reduced hp, AC +5, unfitting armour,
cold-blooded
a: Begin Untransformation


You were on level 3 of the Dungeon.
You were a living statue of rough stone.
You visited 1 branch of the dungeon, and saw 3 of its levels.

You collected 23 gold pieces.

Inventory:

Hand Weapons
 j - a +2 rapier of venom (weapon)
Armour
 k - the +0 ring mail "Ameg" {Rampage Int+5 Dex-2}
   (You found it on level 3 of the Dungeon)

   Int+5:     It affects your intelligence (+5).
   Dex-2:     It affects your dexterity (-2).
   Rampage:   It bestows one free step when moving towards enemies.
Jewellery
 i - an amulet of magic regeneration (around neck)
Talismans
 c - a serpent talisman
 h - a granite talisman (active)
Scrolls
 b - a scroll of immolation {unknown}
 g - a scroll of identify {unknown}
Potions
 a - a potion of magic
 d - a potion of invisibility {unknown}
 e - 2 potions of degeneration {unknown}
 f - a potion of curing {unknown}


   Skills:
 + Level 1.8 Dodging
 + Level 2.0 Stealth
 + Level 2.3 Spellcasting
 * Level 1.4 Conjurations
 + Level 3.6 Air Magic


You had 5 spell levels left.
You knew the following spells:

 Your Spells              Type           Power      Damage    Failure   Level
a - Shock                 Conj/Air       36%        1d5       8%          1

Your spell library contained the following spells:

 Spells                   Type           Power      Damage    Failure   Level
 Static Discharge         Conj/Air       18%        3-4/arc   12%         2
 Swiftness                Air            12%        N/A       14%         3
 Sandblast                Erth           2%         2d4       22%         1
 Passwall                 Tmut/Erth      0%         N/A       32%         2
 Stone Arrow              Conj/Erth      6%         3d7       43%         3
 Airstrike                Air            6%         2d(1-17)  43%         4
 Brom's Barrelling Bould  Conj/Erth      3%         2d3       85%         4
 Iskenderun's Mystic Bla  Conj/Tloc      3%         2d3       85%         4
 Dispel Undead            Necr           1%         3d6       91%         4
 Passage of Golubria      Tloc           1%         N/A       91%         4
 Haunt                    Necr/Summ      0%         N/A       100%        7


Dungeon Overview and Level Annotations

Branches:
Dungeon (2/15)

Altars:

Annotations:
D:3 rotlqkf's ghost, amateur HuGl


Innate Abilities, Weirdness & Mutations

You are a living statue of rough stone.
Your actions are slow, but your melee attacks are powerful.
You are resistant to unholy torment.
Your maximum health is decreased, since you lack skill for your form.
Your equipment is partially melded.
((Your plain brown scales are hard. (AC +5)))
You cannot fit into any form of body armour.
You are immune to poison.
You are cold-blooded and may be slowed by cold attacks.


Message History

You start putting on your amulet.
You continue putting on your amulet of magic regeneration. x5
You finish putting on your amulet of magic regeneration.
i - an amulet of magic regeneration (around neck)
There is an escape hatch in the floor here.
Found 2 stones.
A rat comes into view.
Found a smoking ring mail.
The rat squeaks loudly.
A giant cockroach comes into view.
The rat closely misses you. The rat attacks as it pursues you!
The rat barely misses you.
The rat twitches its whiskers.
The rat barely misses you.
The zap hits the rat.
You kill the rat!
The zap hits the giant cockroach.
You kill the giant cockroach!
You see here the +0 ring mail "Ameg" {Rampage Int+5 Dex-2}.
k - the +0 ring mail "Ameg" {Rampage Int+5 Dex-2}
Found a dagger and 4 stones.
An endoplasm comes into view.
The kobold shouts!
You hear an angry hiss.
Rotlqkf's ghost turns its malevolent gaze towards you.
You hear an angry hiss.
The zap hits the endoplasm.
The endoplasm is heavily wounded.
The zap hits the endoplasm.
The endoplasm is almost dead.
The zap hits the endoplasm.
You kill the endoplasm!
You can't see any susceptible monsters within range! (Use Z to cast anyway.)
You can't see any susceptible monsters within range! (Use Z to cast anyway.)
Found 12 gold pieces.
You open the gate.
The zap hits the sky beast.
The sky beast completely resists.
The sky beast hits you.
Ouch! That really hurt!
The sky beast shocks you. You resist.
You die...

###############
##.............#
.............#
.......8.....#
..###'KY###..# .#
#....SW.#..##.#
#.....S.#.....#
.#.#...#.#..#..#
.$#..#.#..#....##
..#.#...#.#...#####
..#...()..#........
#.......#..######


You could see a sky beast, rotlqkf's ghost, 2 ball pythons and a kobold.

Vanquished Creatures
  A dart slug (D:1)
  4 ball pythons (D:1)
  A bat (D:1)
  7 endoplasms
  2 giant cockroaches
  A goblin (D:1)
  2 hobgoblins (D:1)
  2 frilled lizards
  4 kobolds (D:1)
  5 rats
29 creatures vanquished.

Notes
Turn   | Place    | Note
-------+----------+-------------------------------------------
     0 | D:1      | gameson the Draconian Air Elementalist began the quest for
                  | the Orb.
     0 | D:1      | Reached XP level 1. HP: 14/14 MP: 3/3
   334 | D:1      | Reached XP level 2. HP: 8/20 MP: 0/5
  1216 | D:2      | Reached XP level 3. HP: 3/26 MP: 4/6
  1231 | D:2      | You fall into a shaft and drop 1 floor!
  1244 | D:3      | Got Maiditeng's Folio of Displaced Nightshade
  1306 | D:3      | Identified the +0 ring mail "Ameg" {Rampage Int+5 Dex-2}
  1311 | D:3      | Noticed rotlqkf's ghost (amateur HuGl)
  1317 | D:3      | Noticed a sky beast
  1321 | D:3      | Found a runed translucent gate.
  1321 | D:3      | Found a runed translucent gate.
  1323 | D:3      | Found a runed translucent gate.
  1338 | D:3      | Slain by a sky beast

Illustrated notes

Levels and vault maps discovered:
D:1:      onia_arrival_handbag, layout_loops_ring
D:2:      layout_loops_ring, basic_ecumenical_altar, basic_altar, serial_shops,
          shop, nrook_mini_vaults, minmay_tromino_v2
D:3:      minmay_diamond_boxcup, layout_rooms, gammafunk_ghost_split,
          minmay_gold_behind_fungi

Skill      XL: |  1  2 |
---------------+-------+-----
Stealth        | 2 |  2.0
Dodging        | |  1.8
Spellcasting   | |  2.3
Conjurations   | |  1.4
Air Magic      | |  3.6

Action                     || total
---------------------------++-------
  Melee: Unarmed           ||     9
         Tailslap          ||     3
   Cast: Shock             ||    50
Ability: Begin Untransform ||     1
 Armour: Skin              ||     9
  Dodge: Dodged            ||    11
   Form: Serpent           ||     1
         Statue            ||     1

Table legend: (Time is in decaauts)
 A = Elapsed time spent in this place.
 B = Non-inter-level travel time spent in this place.
 C = Inter-level travel time spent in this place.
 D = Time resting spent in this place.
 E = Time spent auto-exploring this place.
 F = Levels seen in this place.
 G = Mean time per level.
                   A        B        C        D        E       F      G
               +--------+--------+--------+--------+--------+-----+--------+
         Total |   1534 |   1495 |     39 |     53 |   1035 |   3 |  511.3 |
       Dungeon |   1534 |   1495 |     39 |     53 |   1035 |   3 |  511.3 |
               +--------+--------+--------+--------+--------+-----+--------+

Top non-repeatable levels by time:
     D:1: 1350 daAuts
     D:3: 159 daAuts
     D:2: 25 daAuts
